 Dungeon Crawl Stone Soup version 0.22.1-1-ga44c0e56f4 (webtiles) character file.

29 PikkenKukken the Insei (level 3, -1/28 HPs)
             Began as a Gnoll Transmuter on Sept 30, 2018.
             Slain by an ice beast (14 damage)
             ... on level 1 of the Dungeon.
             The game lasted 00:01:50 (1347 turns).

PikkenKukken the Insei (Gnoll Transmuter)           Turns: 1347, Time: 00:01:51

Health: -1/28      AC:  3    Str: 12    XL:     3   Next: 16%
Magic:  9/9        EV: 19    Int: 16    God:
Gold:   38         SH:  0    Dex: 15    Spells: 9/12 levels left

rFire    . . .     SeeInvis .   c - +1 dagger (venom)
rCold    . . .     Gourm    .   (no shield)
rNeg     . . .     Faith    .   b - +1 robe
rPois    .         Spirit   .   (no helmet)
rElec    .         Reflect  .   (no cloak)
rCorr    .         Harm     .   (no gloves)
MR       .....                  (boots currently unavailable)
Stlth    ++........             (no amulet)
HPRegen  0.09/turn              f - +5 ring of evasion
MPRegen  0.11/turn              (no ring)

@: appendage (expiring)
A: distributed training, fangs 1, talons 3, strong nose
a: End Transformation


You were on level 1 of the Dungeon.
You were not hungry.
You had grown temporary talons.
You visited 1 branch of the dungeon, and saw 2 of its levels.

You collected 38 gold pieces.

Inventory:

Hand Weapons
 c - a +1 dagger of venom (weapon)
Missiles
 a - 11 arrows
Armour
 b - a +1 robe (worn)
Jewellery
 f - a +5 ring of evasion (left hand)
Scrolls
 e - 3 scrolls of identify
Potions
 h - a potion of lignification
 i - a potion of berserk rage {unknown}
Comestibles
 d - 2 rations


   Skills:
 + Level 2.5 Fighting
 + Level 0.6 Short Blades
 + Level 0.6 Long Blades
 + Level 0.6 Axes
 + Level 0.6 Maces & Flails
 + Level 0.6 Polearms
 + Level 0.6 Staves
 + Level 0.6 Slings
 + Level 0.6 Bows
 + Level 0.6 Crossbows
 + Level 0.6 Throwing
 + Level 0.6 Armour
 + Level 4.5 Dodging
 + Level 0.6 Stealth
 + Level 0.6 Shields
 + Level 6.5 Unarmed Combat
 + Level 5.0 Spellcasting
 + Level 0.4 Conjurations
 + Level 0.4 Hexes
 + Level 0.4 Charms
 + Level 0.4 Summonings
 + Level 0.4 Necromancy
 + Level 0.4 Translocations
 + Level 3.7 Transmutations
 + Level 0.4 Fire Magic
 + Level 0.4 Ice Magic
 + Level 0.4 Air Magic
 + Level 0.4 Earth Magic
 + Level 0.4 Poison Magic
 + Level 0.8 Invocations
 + Level 0.6 Evocations


You had 9 spell levels left.
You knew the following spells:

 Your Spells              Type           Power        Failure   Level  Hunger
a - Beastly Appendage     Tmut           ###...       3%          1    None
b - Sticks to Snakes      Tmut           ###.....     4%          2    #......

Your spell library contained the following spells:

 Spells                   Type           Power        Failure   Level  Hunger
 Spider Form              Tmut/Pois      ##........   19%         3    ###....
 Ice Form                 Ice/Tmut       ##......     54%         4    ####...
 Blade Hands              Tmut           ###.......   65%         5    ######.


Dungeon Overview and Level Annotations

Branches:
Dungeon (2/15)

Altars:


Innate Abilities, Weirdness & Mutations

Your experience applies equally to all skills.
You have very sharp teeth.
Your uncanny sense of smell can sniff out nearby items.
You have claws for feet.


Message History

You climb upwards.
Your transformation is almost over.
There is a stone staircase leading down here.
You barely miss the ice beast.
You claw the ice beast, but do no damage.
You bite the ice beast.
The ice beast is moderately wounded.
The ice beast hits you but does no damage.
You hit the ice beast but do no damage. You claw the ice beast.
Your bite misses the ice beast.
The ice beast is moderately wounded.
The ice beast closely misses you.
Unknown command.
You barely miss the ice beast.
You claw the ice beast, but do no damage.
You bite the ice beast, but do no damage.
The ice beast is moderately wounded.
The ice beast hits you. The ice beast freezes you!
Ouch! That really hurt!
You die...

..............(........#
#..#.##.
...####.......(........#
#..##.##
####...........).......#
#...##.#
#...................#
#....##.
#...................#
##....##
#...................#
##.....
#...................#
######
#............Y##.####
#......######@...#
######## ######


You could see an ice beast.

Vanquished Creatures
  3 leopard geckos (D:1)
  2 giant cockroaches
  4 hobgoblins (D:1)
  3 jackals (D:1)
  3 frilled lizards (D:1)
  3 goblins (D:1)
  3 kobolds (D:1)
  4 rats (D:1)
25 creatures vanquished.

Notes
Turn   | Place    | Note
-------+----------+-------------------------------------------
     0 | D:1      | PikkenKukken the Gnoll Transmuter began the quest for the
                  | Orb.
     0 | D:1      | Reached XP level 1. HP: 17/17 MP: 6/6
   112 | D:1      | Reached XP level 2. HP: 18/23 MP: 7/7
   159 | D:1      | Learned a level 2 spell: Sticks to Snakes
   637 | D:1      | Reached XP level 3. HP: 28/28 MP: 9/9
   820 | D:1      | Reached skill level 5 in Spellcasting
  1177 | D:2      | Noticed an ice beast
  1347 | D:1      | Slain by an ice beast

Skill      XL: |  1  2  3 |
---------------+----------+-----
Spellcasting   | 5 |  5.0
Fighting       | |  2.5
Short Blades   | |  0.6
Long Blades    | |  0.6
Axes           | |  0.6
Maces & Flails | |  0.6
Polearms       | |  0.6
Staves         | |  0.6
Slings         | |  0.6
Bows           | |  0.6
Crossbows      | |  0.6
Throwing       | |  0.6
Armour         | |  0.6
Dodging        | |  4.5
Stealth        | |  0.6
Shields        | |  0.6
Unarmed Combat | |  6.5
Conjurations   | |  0.4
Hexes          | |  0.4
Charms         | |  0.4
Summonings     | |  0.4
Necromancy     | |  0.4
Translocations | |  0.4
Transmutations | |  3.7
Fire Magic     | |  0.4
Ice Magic      | |  0.4
Air Magic      | |  0.4
Earth Magic    | |  0.4
Poison Magic   | |  0.4
Invocations    | |  0.8
Evocations     | |  0.6

Action                   || total
-------------------------++-------
Melee: Unarmed           ||    46
       Headbutt          ||    10
       Bite              ||     7
       Kick              ||     6
       Punch             ||     1
       Dagger            ||    14
 Cast: Beastly Appendage ||     8
       Sticks to Snakes  ||     1
  Use: Scroll            ||     2
 Stab: Sleeping          ||     3
  Eat: Ration            ||     1
Armor: Robe              ||     4
Dodge: Dodged            ||    50
